 Dungeon Crawl Stone Soup version 0.27.0-1-g7a089689b8 (webtiles) character file.

Game seed: 6755379278166323476

46085 sasquatch the Devastator (level 14, -1/62 (68) HPs)
             Began as a Tengu Fire Elementalist on Aug 2, 2021.
             Was a High Priest of Vehumet.
             Slain by an orc warlord (27 damage)
             ... on level 10 of the Dungeon.
             The game lasted 01:25:58 (24773 turns).

sasquatch the Devastator (Tengu Fire Elementalist) Turns: 24773, Time: 01:25:59

HP:   -1/62 (68)    AC: 12    Str:  8    XL:     14   Next: 36%
MP:   12/38         EV: 14    Int: 21    God:    Vehumet [*****.]
Gold: 907           SH:  0    Dex: 21    Spells: 5/33 levels left

rFire    . . .     SeeInvis .   b - +3 dagger (venom)
rCold    . . .     Faith    .   (no shield)
rNeg     . . .     Spirit   .   L - +7 leather armour of an ossuary {+Inv rCorr}
rPois    .         Reflect  .   (helmet restricted)
rElec    .         Harm     .   B - +0 cloak
rCorr    +         Rampage  .   c - +0 pair of gloves
Will     +....                  (boots unavailable)
Stlth    ++........             (no amulet)
HPRegen  0.20/turn              x - ring of magical power
MPRegen  0.26/turn              D - +6 ring of dexterity

@: flying quickly and evasively, drained, quick
A: beak, talons 3, nimble flight
a: Renounce Religion, Evoke Invisibility


You were on level 10 of the Dungeon.
You worshipped Vehumet.
Vehumet was extremely pleased with you.
You visited 4 branches of the dungeon, and saw 19 of its levels.

You collected 1243 gold pieces.
You spent 336 gold pieces at shops.

Inventory:

Hand Weapons
 a - a +2 dagger of electrocution
 b - a +3 dagger of venom (weapon)
 d - the +11 hunting sling "Tudioth" {vorpal, Str+3 SInv}
   (You found it on level 5 of the Dungeon)

   Any ammunition fired from it inflicts extra damage upon your enemies.
   Str:       It affects your strength (+3).
   SInv:      It lets you see invisible.
Missiles
 s - 4 boomerangs of dispersal
 w - 2 curare-tipped darts
Armour
 c - a +0 pair of gloves (worn)
 k - a +2 leather armour of poison resistance
 B - a +0 cloak (worn)
 L - the +7 leather armour of an ossuary (worn) {+Inv rCorr}
   (You found it on level 4 of the Lair of Beasts)

   +Inv:      It lets you turn invisible.
   rCorr:     It protects you from acid and corrosion.
Jewellery
 x - a ring of magical power (left hand)
 D - a +6 ring of dexterity (right hand)
Wands
 j - a wand of digging (12)
 l - a wand of paralysis (8)
 m - a wand of flame (43)
 C - a wand of charming (10)
 E - a wand of iceblast (20)
 F - a wand of polymorph (8)
Scrolls
 e - 2 scrolls of enchant armour
 h - 4 scrolls of identify
 r - a scroll of amnesia
 t - 3 scrolls of enchant weapon
 u - 3 scrolls of teleportation
 v - a scroll of fear
 y - 3 scrolls of fog
 H - a scroll of magic mapping
Potions
 f - 4 potions of lignification
 g - 3 potions of heal wounds
 i - 6 potions of magic
 n - 2 potions of brilliance
 o - 3 potions of attraction
 p - 5 potions of might
 q - 6 potions of ambrosia
 z - 2 potions of curing
 A - 5 potions of mutation
 G - a potion of resistance {unknown}
 J - a potion of haste


   Skills:
 - Level 2.1 Dodging
 - Level 2.0 Stealth
 - Level 10.0 Spellcasting
 + Level 16.8 Conjurations
 - Level 5.0 Translocations
 + Level 14.8 Fire Magic
 - Level 5.0 Ice Magic
 + Level 4.5 Air Magic
 - Level 5.0 Earth Magic


You had 5 spell levels left.
You knew the following spells:

 Your Spells              Type           Power      Damage    Failure   Level
a - Foxfire               Conj/Fire      100%       2x1d9     0%          1
b - Inner Flame           Hex/Fire       41%        N/A       1%          3
c - Conjure Flame         Conj/Fire      67%        6-21      1%          3
d - Sticky Flame          Conj/Fire      67%        2d8       1%          4
e - Blink                 Tloc           N/A        N/A       1%          2
f - Fireball              Conj/Fire      33%        3d14      1%          5
h - Bolt of Magma         Conj/Fire/Erth 29%        4d13      1%          5
i - Freezing Cloud        Conj/Ice/Air   23%        6-21      1%          5

Your spell library contained the following spells:

 Spells                   Type           Power      Damage    Failure   Level
 Searing Ray              Conj           100%       3d7       0%          2
 Sandblast                Erth           62%        2d14      1%          1
 Static Discharge         Conj/Air       53%        N/A       1%          2
 Ignite Poison            Fire/Tmut/Pois 31%        N/A       1%          3
 Mephitic Cloud           Conj/Pois/Air  40%        N/A       1%          3
 Lesser Beckoning         Tloc           15%        N/A       3%          3
 Passwall                 Tmut/Erth      17%        N/A       4%          2
 Swiftness                Air            29%        N/A       4%          3
 Lee's Rapid Deconstruct  Erth           15%        3d11*     9%          5
 Sublimation of Blood     Necr           5%         N/A       14%         2
 Wereblood                Tmut           10%        N/A       14%         2
 Manifold Assault         Tloc           31%        N/A       32%         5
 Dispel Undead            Necr           10%        3d9       67%         4
 Invisibility             Hex            5%         N/A       100%        6
 Summon Hydra             Summ           5%         N/A       100%        7


Dungeon Overview and Level Annotations

Branches:
Dungeon (11/15)            Temple (1/1) D:5            Lair (6/6) D:10
 Shoals (0/4) Lair:2       Spider (0/4) Lair:3        Slime (0/5) Lair:5
    Orc (1/2) D:10

Altars:
Ashenzari
Cheibriados
Dithmenos
Elyvilon
Fedhas
Gozag
Hepliaklqana
Makhleb
Nemelex Xobeh
Qazlal
Trog
Uskayaw
Vehumet
Wu Jian
Xom
Yredelemnul
Zin
The Shining One

Shops:
D:1 [   D:5 (   D:7 :

Annotations:
D:5 1 exclusion
D:8 1 exclusion
D:10 2 runed translucent doors, DocClef's ghost, journeyman GnDe
Lair:6 2 runed translucent doors


Innate Abilities, Weirdness & Mutations

You have a beak for a mouth.
You have claws for feet.
Your magical nature lets you fly swiftly and evasively.


Message History

Aim: an orc warlord, wielding a +4 mace of draining and wearing a +0 chain mail (lightly wounded, 79% to hit)
The bolt of magma hits the orc warlord!!
The orc warlord is moderately wounded.
Casting: Bolt of Magma (dangerous; 1% risk of failure)
Confirm with . or Enter, or press ? or * to list all spells.
Aiming: Bolt of Magma (dangerous; 1% risk of failure)
Press: ? - help, Shift-Dir - straight line, f/p - orc warlord
Aim: an orc warlord, wielding a +4 mace of draining and wearing a +0 chain mail (moderately wounded, 79% to hit)
The bolt of magma hits the orc warlord!!
The orc warlord is moderately wounded.
Press: ? - help, v - describe, . - travel
Here: an orc warlord, wielding a +4 mace of draining and wearing a +0 chain mail (moderately wounded)
The floor.
Casting: Bolt of Magma (dangerous; 1% risk of failure)
Confirm with . or Enter, or press ? or * to list all spells.
Okay, then.
Unknown command.
Casting: Bolt of Magma (dangerous; 1% risk of failure)
Confirm with . or Enter, or press ? or * to list all spells.
Aiming: Bolt of Magma (dangerous; 1% risk of failure)
Press: ? - help, Shift-Dir - straight line, f/p - orc warlord
Aim: an orc warlord, wielding a +4 mace of draining and wearing a +0 chain mail (moderately wounded, 79% to hit)
The bolt of magma hits the orc warlord!!
The orc warlord is heavily wounded.
The orc warlord drinks a potion.
The orc warlord is healed!
Casting: Bolt of Magma (dangerous; 1% risk of failure)
Confirm with . or Enter, or press ? or * to list all spells.
Aiming: Bolt of Magma (dangerous; 1% risk of failure)
Press: ? - help, Shift-Dir - straight line, f/p - orc warlord
Aim: an orc warlord, wielding a +4 mace of draining and wearing a +0 chain mail (heavily wounded, 79% to hit)
The bolt of magma hits the orc warlord!!
The orc warlord is severely wounded.
Casting: Bolt of Magma (dangerous; 1% risk of failure)
Confirm with . or Enter, or press ? or * to list all spells.
Aiming: Bolt of Magma (dangerous; 1% risk of failure)
Press: ? - help, Shift-Dir - straight line, f/p - orc warlord
Aim: an orc warlord, wielding a +4 mace of draining and wearing a +0 chain mail (severely wounded, 79% to hit)
The bolt of magma misses the orc warlord.
The orc warlord hits you with a +4 mace of draining!!
You die...

#.............................[.)
####.###.........................
#.# #.##.#.##...#...#..##.#...
#.# #...............#..##.#...
#.######.#.##.................
#.....##..........#.##........
#####.#...........#.#####.#...
#.#.......o.<.#.#####.#...
##.#......@................
#..........#.#...#####.#..(
#.....#.##.#.#...# #.#.##
#...#.#.##.#.#...## #.#..#
#...#.#.##.#......# #.#.##
#####.#.##.#.#....####.#...
#.####...#...[.........
#.............####.#..≈
#..#####.##...## #.#..≈


You could see an orc warlord.

Vanquished Creatures
  An orc warlord (D:10)
  3 hydras
  4 two-headed ogres
  6 death yaks
  An orc high priest (Orc:1)
  A fire crab (Lair:6)
  3 orc knights (Orc:1)
  A deep elf pyromancer (D:10)
  An orc sorcerer (Orc:1)
  An oklob plant (Lair:5)
  7 elephants
  Maurice (D:9)
  A merfolk siren (Lair:2)
  An eye of devastation (Lair:5)
  2 molten gargoyles (Lair:6)
  5 black mambas (Lair:6)
  A gargoyle (D:9)
  8 cane toads
  A torpor snail (Lair:2)
  4 komodo dragons
  2 unseen horrors (D:10)
  2 polar bears
  A queen bee (Lair:3)
  3 jumping spiders (Lair:3)
  3 trolls (Orc:1)
  7 dream sheep (Lair:6)
  A redback (Lair:3)
  2 shadows
  56 yaks
  6 wyverns
  Grum (D:9)
  8 basilisks
  3 steam dragons
  2 wargs (Orc:1)
  A floating eye (Lair:5)
  4 hell hounds (Lair:6)
  7 water moccasins
  An ice beast (D:6)
  14 orc warriors
  A sky beast (D:5)
  2 necrophages
  11 wolves
  9 ogres
  A hornet zombie (D:8)
  2 phantoms
  4 centaurs
  14 bullfrogs
  A gnoll sergeant (D:10)
  A scorpion (D:6)
  A water moccasin zombie (D:6)
  A wyvern skeleton (D:5)
  A water moccasin skeleton (D:7)
  19 killer bees (Lair:3)
  4 wights (D:8)
  2 howler monkeys
  3 electric eels
  5 lava snakes (Lair:6)
  A hound (D:5)
  A gnoll shaman (D:7)
  9 orc priests
  A bullfrog skeleton (D:6)
  2 centaur skeletons
  2 jellies
  Jessica (D:2)
  7 hell rats (Lair:3)
  An iguana (D:4)
  Ijyb (D:3)
  Terence (D:2)
  12 orc wizards
  2 hound skeletons (D:4)
  2 howler monkey zombies
  Robin (D:2)
  10 gnolls
  5 adders
  A shadow imp (D:8)
  An ufetubus (D:6)
  An adder skeleton (D:4)
  2 worms (D:5)
  A dart slug (D:5)
  58 orcs
  2 bats (D:2)
  8 endoplasms
  8 giant cockroaches
  16 goblins
  7 hobgoblins
  9 jackals
  2 quokkas
  6 ball pythons
  A frilled lizard (D:1)
  4 kobolds
  A rat (D:1)
446 creatures vanquished.

Vanquished Creatures (collateral kills)
  2 foxfires
2 creatures vanquished.

Vanquished Creatures (others)
  874 foxfires
  33 fungi
  54 plants
961 creatures vanquished.

Grand Total: 1409 creatures vanquished

Notes
Turn   | Place    | Note
-------+----------+-------------------------------------------
     0 | D:1      | sasquatch the Tengu Fire Elementalist began the quest for
                  | the Orb.
     0 | D:1      | Reached XP level 1. HP: 10/10 MP: 4/4
   340 | D:1      | Reached skill level 2 in Conjurations
   340 | D:1      | Reached XP level 2. HP: 13/15 MP: 0/6
   496 | D:1      | Found Zomut's Armour Shoppe.
  1353 | D:2      | Reached XP level 3. HP: 19/19 MP: 2/7
  1357 | D:2      | Learned a level 3 spell: Inner Flame
  1406 | D:2      | Noticed Jessica
  1426 | D:2      | Killed Jessica
  1427 | D:2      | Reached skill level 3 in Conjurations
  1642 | D:2      | Found a faded altar of an unknown god.
  1642 | D:2      | Noticed Terence
  1667 | D:2      | Killed Terence
  1668 | D:2      | Reached XP level 4. HP: 4/24 MP: 0/8
  2135 | D:2      | Noticed Robin
  2143 | D:2      | Killed Robin
  2273 | D:2      | Learned a level 3 spell: Conjure Flame
  2590 | D:3      | Noticed Ijyb
  2597 | D:3      | Paralysed by Ijyb for 4 turns
  2602 | D:3      | Killed Ijyb
  2603 | D:3      | Reached skill level 4 in Conjurations
  2603 | D:3      | Gained mutation: Your magical nature lets you fly swiftly
                  | and evasively. [Tengu growth]
  2603 | D:3      | Reached XP level 5. HP: 22/28 MP: 6/10
  3089 | D:3      | Reached skill level 5 in Fire Magic
  3547 | D:4      | Reached XP level 6. HP: 32/32 MP: 3/11
  3695 | D:4      | Noticed a steam dragon
  3702 | D:4      | Noticed a necrophage
  3716 | D:5      | Entered Level 5 of the Dungeon
  4081 | D:5      | Identified the +11 hunting sling "Tudioth" {vorpal, Str+3
                  | SInv}
  4275 | D:5      | Found a staircase to the Ecumenical Temple.
  4284 | D:5      | Reached skill level 5 in Conjurations
  4295 | Temple   | Entered the Ecumenical Temple
  4405 | Temple   | Became a worshipper of Vehumet
  4612 | D:4      | Reached XP level 7. HP: 29/36 MP: 8/13
  4620 | D:4      | Killed a steam dragon
  4621 | D:4      | Reached skill level 6 in Conjurations
  4863 | D:5      | Learned a level 4 spell: Sticky Flame
  4866 | D:5      | Learned a level 2 spell: Blink
  4967 | D:5      | Reached skill level 7 in Conjurations
  4970 | D:5      | Found Qefamp's Weapon Shop.
  4977 | D:5      | Reached XP level 8. HP: 38/41 MP: 6/14
  5133 | D:5      | Found a bloodstained altar of Trog.
  5342 | D:5      | Found a snail-covered altar of Cheibriados.
  5375 | D:5      | Reached skill level 1 in Translocations
  5588 | D:5      | Reached * piety under Vehumet
  5588 | D:5      | Offered knowledge of Shock by Vehumet.
  5604 | D:5      | Reached skill level 8 in Conjurations
  5928 | D:4      | Identified the +2 pair of boots of Qazlal's Grace {Dex+2}
  6542 | D:6      | Reached XP level 9. HP: 45/45 MP: 14/17
  6610 | D:6      | Reached skill level 9 in Conjurations
  6676 | D:6      | Found a glowing golden altar of the Shining One.
  7141 | D:7      | Found Ceggol's Book Shop.
  7306 | D:7      | Reached skill level 5 in Spellcasting
  7476 | D:7      | Learned a level 5 spell: Fireball
  7583 | D:7      | Reached ** piety under Vehumet
  8083 | D:8      | Offered knowledge of Searing Ray by Vehumet.
  8211 | D:8      | Reached skill level 10 in Conjurations
  8482 | D:8      | Noticed a two-headed ogre
  8511 | D:8      | Killed a two-headed ogre
  8512 | D:8      | Reached skill level 11 in Conjurations
  8512 | D:8      | Reached skill level 10 in Fire Magic
  8512 | D:8      | Reached XP level 10. HP: 11/50 MP: 4/19
  8847 | D:8      | Learned a level 2 spell: Searing Ray
  9925 | D:9      | Noticed a gargoyle
  9925 | D:9      | Noticed a cyclops
  9925 | D:9      | Noticed Maurice
  9925 | D:9      | Noticed a two-headed ogre
 10064 | D:9      | Killed a gargoyle
 10144 | D:9      | Killed Maurice
 10268 | D:9      | Reached skill level 12 in Conjurations
 10453 | D:9      | Offered knowledge of Static Discharge by Vehumet.
 10943 | D:8      | Killed a two-headed ogre
 10944 | D:8      | Reached XP level 11. HP: 24/54 MP: 9/22
 11253 | D:10     | Entered Level 10 of the Dungeon
 11253 | D:10     | Noticed Grum
 11261 | D:9      | Killed Grum
 11261 | D:9      | Reached *** piety under Vehumet
 11526 | D:9      | Reached skill level 13 in Conjurations
 11726 | D:10     | Found a runed translucent door.
 11727 | D:10     | Noticed a skeletal warrior
 11743 | D:10     | Found a hide-covered altar of Uskayaw.
 11855 | D:10     | Noticed a deep elf pyromancer
 11860 | D:10     | Killed a deep elf pyromancer
 11888 | D:10     | Offered knowledge of Stone Arrow by Vehumet.
 12488 | D:10     | Found a runed translucent door.
 12501 | D:10     | Noticed a deep troll earth mage
 12501 | D:10     | Noticed a necromancer
 12502 | D:10     | Noticed a lich
 12502 | D:10     | Noticed a five-headed hydra
 12502 | D:10     | Noticed DocClef's ghost (journeyman GnDe)
 12502 | D:10     | Noticed a deep elf zephyrmancer
 12506 | D:10     | Noticed a skeletal warrior
 12720 | D:10     | Found a staircase to the Orcish Mines.
 13087 | D:10     | Found a staircase to the Lair.
 13116 | D:10     | Noticed a two-headed ogre
 13128 | D:10     | Killed a two-headed ogre
 13443 | Lair:1   | Entered Level 1 of the Lair of Beasts
 14386 | D:7      | Bought a Trismegistus Codex for 336 gold pieces
 14608 | Lair:2   | Reached **** piety under Vehumet
 14609 | Lair:2   | Reached skill level 14 in Conjurations
 14680 | Lair:2   | Offered knowledge of Yara's Violent Unravelling by Vehumet.
 14713 | Lair:2   | Noticed an eight-headed hydra
 14727 | Lair:2   | Killed an eight-headed hydra
 14728 | Lair:2   | Reached XP level 12. HP: 35/59 MP: 5/24
 15315 | Lair:2   | Reached skill level 5 in Translocations
 15357 | Lair:2   | Found a staircase to the Shoals.
 15529 | Lair:2   | Learned a level 5 spell: Bolt of Magma
 15974 | Lair:3   | Found a hole to the Spider Nest.
 15990 | Lair:3   | Reached skill level 15 in Conjurations
 16082 | Lair:3   | Reached skill level 1 in Earth Magic
 16420 | Lair:3   | Reached ***** piety under Vehumet
 16420 | Lair:3   | Offered knowledge of Iron Shot by Vehumet.
 18154 | Lair:4   | Noticed a boulder beetle
 18287 | Lair:4   | Reached XP level 13. HP: 53/63 MP: 16/26
 19061 | Lair:4   | Identified the +7 leather armour of an ossuary {+Inv rCorr}
 19122 | Lair:4   | Reached skill level 16 in Conjurations
 19667 | Lair:5   | Found a staircase to the Slime Pits.
 20901 | Lair:6   | Entered Level 6 of the Lair of Beasts
 21148 | Lair:6   | Offered knowledge of Freezing Cloud by Vehumet.
 21599 | Lair:6   | Learned a level 5 spell: Freezing Cloud
 21772 | Lair:6   | Reached skill level 1 in Ice Magic
 21935 | Lair:6   | Reached skill level 5 in Earth Magic
 22591 | Lair:6   | Reached XP level 14. HP: 68/68 MP: 22/28
 23026 | Lair:6   | Found a large runed translucent door.
 23026 | Lair:6   | Found a large runed translucent door.
 23633 | Orc:1    | Entered Level 1 of the Orcish Mines
 23767 | Orc:1    | Reached skill level 10 in Spellcasting
 23810 | Orc:1    | Reached skill level 5 in Ice Magic
 24055 | Orc:1    | Noticed an orc warlord
 24213 | D:10     | Killed an orc warlord
 24665 | Orc:1    | Noticed an orc warlord
 24773 | D:10     | Slain by an orc warlord

Illustrated notes

Levels and vault maps discovered:
D:1:      dpeg_arrival_connections, layout_loops_cross, serial_shops,
          nicolae_square_shop
D:2:      layout_loops_corners, hellmonk_ecumenical_altar_crossroads,
          minmay_misc_feat_plants, uniq_terence, uniq_jessica, uniq_robin
D:3:      layout_basic, uniq_ijyb
D:4:      layout_cave_pools
D:5:      layout_basic, mainiacjoe_overflow_large_starburst, temple_hall,
          gup_sewer_entry_bubbles, serial_shops, shop,
          chequers_serial_rivers_room_b
D:6:      layout_rooms, mainiacjoe_overflow_alcove_2
D:7:      layout_basic, serial_shops, nicolae_shop_crystal
D:8:      layout_basic
D:9:      layout_cave_pods, minmay_checkerbox, uniq_maurice
D:10:     layout_basic, mainiacjoe_overflow_brackets, david_lair_shrubbed,
          hiddenorc1_lemuel, muffindrake_ghost_dual_entry, uniq_grum
D:11:     minmay_ice_pillars, layout_irregular_city, serial_shops,
          shop_fountains, uniq_josephine, uniq_snorg, uniq_fannar
Temple:   dpeg_five_rooms_temple
Lair:1:   layout_gridlike, chequers_serial_rivers_marsh
Lair:2:   layout_long_grid, minmay_shoals_entry_lonely_mermaid,
          infiniplex_staircase_pool_2, lemuel_fruit_tree
Lair:3:   layout_cave_pods, spider_nest_entry_a, special_room [special_room_bee]
Lair:4:   layout_gridlike, eino_small_chamber_without_monster
Lair:5:   layout_roguey, minmay_slime_entry_eyes, infiniplex_staircase_pool
Lair:6:   cheibrodos_lair_end_hotspot, layout_gridlike
Orc:1:    layout_caves, minmay_orc_treasury

Skill      XL: |  1  2  3  4  5  6  7  8  9 10 11 12 13 14 |
---------------+-------------------------------------------+-----
Conjurations   | 2 3 4 5 7 8 11 12 14 15 16 | 16.8
Fire Magic     | 4 5 6 8 10 11 12 13 14 | 14.8
Spellcasting   | 3 4 5 6 7 8 9 10 | 10.0
Translocations | 2 3 4 5 |  5.0
Earth Magic    | 2 5 |  5.0
Ice Magic      | 3 5 |  5.0
Air Magic      | 4 |  4.5
Dodging        | |  2.1
Stealth        | |  2.0

Action                   |  1- 3 |  4- 6 |  7- 9 | 10-12 | 13-15 || total
-------------------------+-------+-------+-------+-------+-------++-------
Melee: Dagger            |    18 |    39 |    54 |    52 |    11 ||   174
       Kick              |     3 |    10 |    12 |    12 |     4 ||    41
       Peck              |     1 |     7 |     6 |    11 |     1 ||    26
 Cast: Foxfire           |    55 |    90 |   137 |   223 |    44 ||   549
       Sticky Flame      |       |       |    13 |    61 |    28 ||   102
       Conjure Flame     |       |       |     6 |     3 |       ||     9
       Fireball          |       |       |     1 |    98 |    77 ||   176
       Blink             |       |       |       |     6 |    15 ||    21
       Bolt of Magma     |       |       |       |     6 |    92 ||    98
       Freezing Cloud    |       |       |       |       |    17 ||    17
Evoke: Wand              |       |       |       |       |     1 ||     1
  Use: Scroll            |       |     6 |     8 |     8 |     6 ||    28
 Stab: Sleeping          |       |     1 |     4 |     1 |     1 ||     7
Armor: Leather armour    |     6 |    11 |    19 |    31 |    18 ||    85
Dodge: Dodged            |    10 |    39 |    42 |    74 |    40 ||   205
